 Dungeon Crawl Stone Soup version 0.29.0-4-gdea44cf6ec (webtiles) character file.

Game seed: 15833558975991042796

4498 qw the Cleaver (level 10, -5/94 HPs)
             Began as a Minotaur Berserker on Sept 9, 2022.
             Was a Priest of Trog.
             Slain by a hornet (11 damage)
             ... on level 9 of the Dungeon.
             The game lasted 00:02:35 (8364 turns).

qw the Cleaver (Minotaur Berserker)                 Turns: 8364, Time: 00:02:35

Health: -5/94      AC: 15    Str: 32    XL:     10   Next: 16%
Magic:  8/8        EV:  8    Int:  4    God:    Trog [***...]
Gold:   135        SH: 13    Dex: 14    Spells: 9/9 levels left

rFire   . . .      SeeInvis .   Y - +0 war axe
rCold   . . .      Faith    .   i - +2 kite shield
rNeg    . . .      Spirit   .   m - +0 plate armour
rPois   .          Reflect  .   (helmet restricted)
rElec   .          Harm     .   (no cloak)
rCorr   .          Rampage  .   (no gloves)
Will    .....      Clarity  +   r - +2 pair of boots {Fly}
Stlth   ..........              (no amulet)
HPRegen 0.25/turn               a - +6 ring of dexterity
MPRegen 0.11/turn               b - +6 ring of strength

@: lethally poisoned (-5 -> -9), on berserk cooldown, flying, slowed, very slow
A: horns 2, retaliatory headbutt, clarity, clumsy 1, low MP 1, robust 1
a: Renounce Religion, Berserk, Trog's Hand


You were on level 9 of the Dungeon.
You worshipped Trog.
Trog was most pleased with you.
You visited 1 branch of the dungeon, and saw 9 of its levels.

You collected 567 gold pieces.
You spent 432 gold pieces at shops.


Innate Abilities, Weirdness & Mutations

You have a pair of horns on your head.
You reflexively headbutt those who attack you in melee.
You possess an exceptional clarity of mind.
You are clumsy. (Dex -2)
Your magical capacity is low. (-10% MP)
You are robust. (+10% HP)


   Skills:
 - Level 7.1 Fighting
 + Level 12.3 Axes
 - Level 2.9 Throwing
 - Level 5.3 Armour
 - Level 3.4 Dodging
 - Level 9.5 Shields


You had 9 spell levels left.
You didn't know any spells.
Your spell library was empty.

Inventory:

Hand Weapons
 d - a +0 flail
 Y - a +0 war axe (weapon)
Armour
 i - a +2 kite shield (worn)
 m - a +0 plate armour (worn)
 r - a +2 pair of boots of flying (worn)
Jewellery
 a - a +6 ring of dexterity (left hand)
 b - a +6 ring of strength (right hand)
 e - an amulet of faith
 f - a ring of ice
 p - an amulet of reflection
Scrolls
 g - 3 scrolls of identify
Potions
 c - 2 potions of resistance
 h - a potion of haste
 j - a potion of cancellation
 l - 9 potions of curing
 n - 2 potions of mutation

Dungeon Overview and Level Annotations

Branches:
Dungeon (9/15)             Temple (0/1) D:4
   Lair: D:8-11         Orc: D:9-12

Altars:
Ashenzari
Cheibriados
Dithmenos
Elyvilon
Fedhas
Kikubaaqudgha
Qazlal
Uskayaw
Vehumet
Yredelemnul

Shops:
D:6 **   D:9 *=:

Annotations:
D:9 Erica


Message History

You block the poisoned dart.
The kobold brigand throws a poisoned dart.
You block the poisoned dart.
You slice the kobold brigand!! You headbutt the kobold brigand.
The kobold brigand is severely wounded.
You barely miss the kobold. You miss the kobold brigand.
You headbutt the kobold brigand!
You kill the kobold brigand!
Trog accepts your kill.
You slash the kobold!
You kill the kobold!
Trog accepts your kill.
You slash the kobold!
You kill the kobold!
Trog accepts your kill.
You start resting.
A hornet comes into view.
The hornet buzzes angrily.
You miss the hornet.
The hornet stings you but does no damage. x2
You hit the hornet. Your headbutt misses the hornet.
The hornet is lightly wounded.
The hornet stings you!
You are poisoned.
You feel as though you will be slow longer.
You block the hornet's attack. x2
You slash the hornet! Your headbutt misses the hornet.
The hornet is heavily wounded.
You feel very sick.
The hornet stings you but does no damage.
You block the hornet's attack.
You hit the hornet but do no damage.
You headbutt the hornet, but do no damage.
The hornet is heavily wounded.
You feel sick. You block the hornet's attack. The hornet stings you.
You feel as though you will be slow longer.
You barely miss the hornet.
The hornet is heavily wounded.
You feel sick. You block the hornet's attack. The hornet stings you!
You die...

..........
.........
.........
...<.....
#........ .
#........
....###.y......
......)@..#
......))..#
..........#
#.........#
##.>.....##
##......#
#......#
#......#


You could see a hornet.

Vanquished Creatures
  A two-headed ogre (D:7)
  Pikel (D:5)
  Grinder (D:6)
  2 steam dragons
  Duvessa (D:4)
  A water moccasin (D:7)
  4 ice beasts
  2 black bears
  3 ogres
  A centaur (D:7)
  2 phantoms
  A kobold brigand (D:9)
  A gnoll sergeant (D:9)
  4 bullfrogs
  4 scorpions
  9 wights (D:8)
  Dowan (D:4)
  2 hounds
  An orc priest (D:3)
  A gnoll bouda (D:7)
  4 iguanas
  2 orc wizards (D:3)
  8 adders
  11 gnolls
  A white imp (D:7)
  3 worms
  4 dart slugs
  27 orcs
  7 ball pythons
  11 endoplasms
  A giant cockroach (D:2)
  8 goblins
  8 hobgoblins
  8 jackals
  2 quokkas (D:5)
  6 bats
  4 frilled lizards
  11 kobolds
  6 rats
175 creatures vanquished.

Vanquished Creatures (others)
  3 plants
3 creatures vanquished.

Grand Total: 178 creatures vanquished

Notes
Turn   | Place    | Note
-------+----------+-------------------------------------------
     0 | D:1      | qw the Minotaur Berserker began the quest for the Orb.
     0 | D:1      | Reached XP level 1. HP: 19/19 MP: 0/0
     0 | D:1      | 0 ||| qw: Version: 0.1-a-113-g051387a
     0 | D:1      | 0 ||| qw: Game counter: 6910
     0 | D:1      | 0 ||| qw: Always use a shield: true
     0 | D:1      | 0 ||| qw: Do Orc after D:15 true
     0 | D:1      | 0 ||| qw: Do second Lair branch before Depths: true
     0 | D:1      | 0 ||| qw: Lair rune preference: random
     0 | D:1      | 0 ||| qw: Plans: Normal
     0 | D:1      | 0 ||| PLANNING D:1-11
   144 | D:1      | 144 ||| INVOKING Berserk.
   146 | D:1      | Reached skill level 4 in Axes
   146 | D:1      | Reached XP level 2. HP: 26/26 MP: 1/1
   319 | D:1      | 319 ||| Stepping ~*~*~tactically~*~*~ (stealth).
   320 | D:1      | 320 ||| Stepping ~*~*~tactically~*~*~ (stealth).
   324 | D:1      | 324 ||| Stepping ~*~*~tactically~*~*~ (stealth).
   327 | D:1      | 327 ||| Stepping ~*~*~tactically~*~*~ (stealth).
   330 | D:1      | 330 ||| Stepping ~*~*~tactically~*~*~ (stealth).
   625 | D:1      | 625 ||| Stepping ~*~*~tactically~*~*~ (stealth).
   627 | D:1      | 627 ||| Stepping ~*~*~tactically~*~*~ (stealth).
   630 | D:1      | Reached skill level 5 in Axes
   721 | D:1      | 721 ||| Stepping ~*~*~tactically~*~*~ (stealth).
   728 | D:1      | Reached XP level 3. HP: 31/31 MP: 2/2
   734 | D:1      | 734 ||| INVOKING Berserk.
  1090 | D:1      | 1090 ||| UPGRADING to +0 leather armour.
  1100 | D:1      | 1100 ||| DROPPING +0 animal skin.
  1101 | D:1      | 1101 ||| UPGRADING to +2 kite shield.
  1106 | D:1      | 1106 ||| UPGRADING to +0 plate armour.
  1116 | D:1      | 1116 ||| DROPPING +0 leather armour.
  1117 | D:1      | 1117 ||| READING scroll labelled KAPEPI KAMAEMI.
  1118 | D:1      | 1118 ||| READING 2 scrolls labelled QAGU SALAR.
  1119 | D:1      | 1119 ||| READING scroll labelled JURATSU QOOHAONU.
  1207 | D:2      | Found a basalt altar of Yredelemnul.
  1221 | D:2      | 1221 ||| Stepping ~*~*~tactically~*~*~ (stealth).
  1276 | D:2      | 1276 ||| READING scroll of brand weapon.
  1276 | D:2      | 1276 ||| BRANDING +0 hand axe of chaos.
  1348 | D:2      | Reached ** piety under Trog
  1349 | D:2      | Reached skill level 1 in Shields
  1410 | D:2      | 1410 ||| INVOKING Berserk.
  1523 | D:2      | Reached XP level 4. HP: 39/39 MP: 3/3
  1692 | D:2      | 1692 ||| Stepping ~*~*~tactically~*~*~ (stealth).
  2025 | D:2      | Found a faded altar of an unknown god.
  2046 | D:2      | 2046 ||| READING scroll labelled GEPSAXAPRO.
  2047 | D:2      | 2047 ||| READING scroll labelled QOKUNO EMYE.
  2048 | D:2      | 2048 ||| READING scroll labelled CATIOX CAXUPLI.
  2049 | D:2      | 2049 ||| READING 4 scrolls of identify.
  2049 | D:2      | 2049 ||| IDENTIFYING murky emerald potion
  2050 | D:2      | 2050 ||| READING 3 scrolls of identify.
  2050 | D:2      | 2050 ||| IDENTIFYING sedimented inky potion
  2051 | D:2      | 2051 ||| READING 2 scrolls of identify.
  2051 | D:2      | 2051 ||| IDENTIFYING dark potion
  2052 | D:2      | 2052 ||| DROPPING potion of lignification.
  2109 | D:3      | 2109 ||| Stepping ~*~*~tactically~*~*~ (stealth).
  2112 | D:3      | 2112 ||| Stepping ~*~*~tactically~*~*~ (stealth).
  2119 | D:3      | Reached skill level 3 in Shields
  2121 | D:3      | 2121 ||| Stepping ~*~*~tactically~*~*~ (hiding).
  2142 | D:3      | 2142 ||| INVOKING Berserk.
  2149 | D:3      | Reached XP level 5. HP: 45/45 MP: 4/4
  2239 | D:3      | 2239 ||| FLEEEEING.
  2327 | D:3      | 2327 ||| Stepping ~*~*~tactically~*~*~ (stealth).
  2330 | D:3      | 2330 ||| Stepping ~*~*~tactically~*~*~ (stealth).
  2335 | D:3      | 2335 ||| Stepping ~*~*~tactically~*~*~ (stealth).
  2404 | D:3      | 2404 ||| FLEEEEING.
  2405 | D:3      | 2405 ||| FLEEEEING.
  2406 | D:3      | 2406 ||| FLEEEEING.
  2407 | D:3      | 2407 ||| FLEEEEING.
  2408 | D:3      | 2408 ||| FLEEEEING.
  2409 | D:3      | 2409 ||| FLEEEEING.
  2411 | D:3      | 2411 ||| FLEEEEING.
  2412 | D:3      | 2412 ||| FLEEEEING.
  2413 | D:3      | 2413 ||| FLEEEEING.
  2414 | D:3      | 2414 ||| FLEEEEING.
  2415 | D:3      | 2415 ||| FLEEEEING.
  2417 | D:3      | 2417 ||| FLEEEEING.
  2418 | D:3      | 2418 ||| FLEEEEING.
  2419 | D:3      | 2419 ||| FLEEEEING.
  2420 | D:3      | 2420 ||| FLEEEEING.
  2421 | D:3      | 2421 ||| FLEEEEING.
  2425 | D:3      | 2425 ||| FLEEEEING.
  2426 | D:3      | 2426 ||| FLEEEEING.
  2427 | D:3      | 2427 ||| FLEEEEING.
  2428 | D:3      | 2428 ||| FLEEEEING.
  2429 | D:3      | 2429 ||| FLEEEEING.
  2430 | D:3      | 2430 ||| FLEEEEING.
  2431 | D:3      | 2431 ||| FLEEEEING.
  2432 | D:3      | 2432 ||| FLEEEEING.
  2433 | D:3      | 2433 ||| FLEEEEING.
  2434 | D:3      | 2434 ||| STAIRDANCE
  2467 | D:2      | 2467 ||| READING scroll labelled CYQANI LUN LEE.
  2470 | D:3      | 2470 ||| STAIRDANCE
  2475 | D:2      | Reached skill level 6 in Axes
  2783 | D:3      | 2783 ||| Stepping ~*~*~tactically~*~*~ (stealth).
  2796 | D:3      | 2796 ||| Stepping ~*~*~tactically~*~*~ (stealth).
  2808 | D:3      | 2808 ||| Stepping ~*~*~tactically~*~*~ (hiding).
  2810 | D:3      | Reached *** piety under Trog
  3045 | D:3      | 3045 ||| UPGRADING to +6 ring of dexterity.
  3046 | D:3      | 3046 ||| READING scroll labelled KASSINAGHU.
  3114 | D:4      | Reached XP level 6. HP: 37/51 MP: 5/5
  3231 | D:4      | Found a staircase to the Ecumenical Temple.
  3377 | D:4      | 3377 ||| SWAPPING to +0 war axe.
  3378 | D:4      | 3378 ||| DROPPING +0 vorpal hand axe.
  3471 | D:4      | Found a shadowy altar of Dithmenos.
  3660 | D:4      | Noticed Duvessa
  3660 | D:4      | Noticed Dowan
  3662 | D:4      | 3662 ||| INVOKING Berserk.
  3664 | D:4      | Killed Duvessa
  3665 | D:4      | Reached skill level 7 in Axes
  3665 | D:4      | Killed Dowan
  3666 | D:4      | Reached skill level 3 in Armour
  3801 | D:4      | 3801 ||| INVOKING Berserk.
  3804 | D:4      | Reached XP level 7. HP: 60/60 MP: 6/6
  3908 | D:4      | Found a stormy altar of Qazlal.
  3908 | D:4      | Found a blossoming altar of Fedhas.
  3939 | D:4      | 3939 ||| READING scroll labelled MIROFRAUTE.
  3940 | D:4      | 3940 ||| READING 3 scrolls of identify.
  3940 | D:4      | 3940 ||| IDENTIFYING fuming black potion
  3941 | D:4      | 3941 ||| READING 2 scrolls of identify.
  3941 | D:4      | 3941 ||| IDENTIFYING pink potion
  3942 | D:4      | 3942 ||| DROPPING potion of degeneration.
  3995 | D:5      | Entered Level 5 of the Dungeon
  4140 | D:5      | Reached skill level 8 in Axes
  4249 | D:5      | Found a broken altar of Ashenzari.
  4251 | D:5      | Found an ancient bone altar of Kikubaaqudgha.
  4345 | D:5      | Found a white marble altar of Elyvilon.
  4396 | D:5      | 4396 ||| DROPPING +0 whip.
  4403 | D:5      | Noticed Pikel
  4404 | D:5      | 4404 ||| Stepping ~*~*~tactically~*~*~ (stealth).
  4410 | D:5      | Reached skill level 6 in Shields
  4411 | D:5      | 4411 ||| INVOKING Berserk.
  4416 | D:5      | Killed Pikel
  4417 | D:5      | Reached skill level 10 in Axes
  4417 | D:5      | Reached XP level 8. HP: 67/67 MP: 7/7
  4642 | D:5      | 4642 ||| INVOKING Berserk.
  4759 | D:5      | Found a radiant altar of Vehumet.
  4925 | D:5      | Found a basalt altar of Yredelemnul.
  5079 | D:5      | 5079 ||| READING scroll labelled ENUUGH FUOGY.
  5080 | D:5      | 5080 ||| DRINKING 2 bubbling blue potions.
  5080 | D:5      | Gained mutation: You are clumsy. (Dex -2) [potion of
                  | mutation]
  5080 | D:5      | Gained mutation: You possess an exceptional clarity of
                  | mind. [potion of mutation]
  5080 | D:5      | Gained mutation: Your magical capacity is low. (-10% MP)
                  | [potion of mutation]
  5080 | D:5      | Gained mutation: You are robust. (+10% HP) [potion of
                  | mutation]
  5132 | D:6      | 5132 ||| INVOKING Berserk.
  5275 | D:6      | Noticed Grinder
  5275 | D:6      | Paralysed by Grinder for 4 turns
  5279 | D:6      | 5279 ||| INVOKING Trog's Hand.
  5280 | D:6      | 5280 ||| INVOKING Berserk.
  5282 | D:6      | Killed Grinder
  5422 | D:6      | Identified the +1 leather armour of Goeqegg {-Cast Str+8
                  | Stlth+}
  5575 | D:6      | Reached skill level 6 in Fighting
  5575 | D:6      | Reached XP level 9. HP: 82/82 MP: 7/7
  5624 | D:6      | 5624 ||| INVOKING Berserk.
  5800 | D:6      | 5800 ||| Stepping ~*~*~tactically~*~*~ (stealth).
  5921 | D:6      | Found Wikh's Specific Store.
  5923 | D:6      | Found Siticw's General Store.
  5934 | D:6      | 5934 ||| SHOPLISTING +10 morningstar "Eos" {elec, Halo
                  | rElec} (1110 gold, have 387).
  5965 | D:6      | 5965 ||| Stepping ~*~*~tactically~*~*~ (cloud).
  5966 | D:6      | 5966 ||| INVOKING Berserk.
  5970 | D:6      | Reached skill level 11 in Axes
  6081 | D:6      | 6081 ||| UPGRADING to +1 pair of boots of flying.
  6086 | D:6      | 6086 ||| UPGRADING to +6 ring of strength.
  6087 | D:6      | 6087 ||| READING scroll labelled QUOROMOASE.
  6088 | D:6      | 6088 ||| READING 2 scrolls of identify.
  6088 | D:6      | 6088 ||| IDENTIFYING metallic amethyst potion
  6089 | D:6      | 6089 ||| DROPPING potion of flight.
  6111 | D:7      | Noticed a two-headed ogre
  6112 | D:7      | 6112 ||| STAIRDANCE
  6188 | D:7      | 6188 ||| INVOKING Berserk.
  6193 | D:7      | Killed a two-headed ogre
  6194 | D:7      | Reached skill level 9 in Shields
  6194 | D:7      | 6194 ||| STAIRDANCE
  6407 | D:7      | Noticed a +0 hand axe
  6408 | D:7      | Noticed a +0 dagger
  6579 | D:7      | Found a hide-covered altar of Uskayaw.
  6629 | D:7      | Found a snail-covered altar of Cheibriados.
  6701 | D:7      | Reached skill level 3 in Dodging
  6897 | D:7      | 6897 ||| INVOKING Berserk.
  7244 | D:7      | 7244 ||| READING scroll labelled TYLYASARCHIU.
  7247 | D:7      | 7247 ||| READING 2 scrolls of identify.
  7247 | D:7      | 7247 ||| IDENTIFYING murky blue potion
  7423 | D:8      | 7423 ||| INVOKING Berserk.
  7673 | D:8      | 7673 ||| Stepping ~*~*~tactically~*~*~ (hiding).
  7674 | D:8      | 7674 ||| Stepping ~*~*~tactically~*~*~ (hiding).
  7700 | D:8      | Reached skill level 12 in Axes
  7704 | D:8      | 7704 ||| READING scroll of enchant armour.
  7704 | D:8      | 7704 ||| ENCHANTING +1 pair of boots of flying.
  7713 | D:8      | Reached XP level 10. HP: 86/91 MP: 8/8
  7858 | D:8      | 7858 ||| INVOKING Berserk.
  8105 | D:8      | 8105 ||| READING 3 scrolls of identify.
  8105 | D:8      | 8105 ||| IDENTIFYING metallic inky potion
  8106 | D:8      | 8106 ||| DROPPING potion of invisibility.
  8200 | D:9      | Found Xaittion's Book Shop.
  8291 | D:9      | Found Plog's Assorted Antiques.
  8295 | D:9      | Found Riofu's Jewellery Boutique.
  8299 | D:9      | 8299 ||| BUYING dented steel amulet (120 gold).
  8299 | D:9      | Bought a dented steel amulet for 120 gold pieces
  8299 | D:9      | 8299 ||| BUYING potion of curing (72 gold).
  8299 | D:9      | Bought a potion of curing for 72 gold pieces
  8299 | D:9      | 8299 ||| BUYING scroll of identify (48 gold).
  8299 | D:9      | Bought a scroll of identify for 48 gold pieces
  8299 | D:9      | 8299 ||| BUYING scroll of teleportation (72 gold).
  8299 | D:9      | Bought a scroll of teleportation for 72 gold pieces
  8299 | D:9      | 8299 ||| BUYING small bronze amulet (120 gold).
  8299 | D:9      | Bought a small bronze amulet for 120 gold pieces
  8305 | D:9      | 8305 ||| SHOPLISTING +4 ring of evasion (504 gold, have
                  | 135).
  8305 | D:9      | 8305 ||| SHOPLISTING ring of Woloezxy {Str+6 Int+4 Dex-3
                  | SInv} (690 gold, have 135).
  8305 | D:9      | 8305 ||| SHOPLISTING ring of fire (350 gold, have 135).
  8305 | D:9      | 8305 ||| SHOPLISTING ring of protection from cold (350
                  | gold, have 135).
  8305 | D:9      | 8305 ||| SHOPLISTING ring of see invisible (210 gold, have
                  | 135).
  8333 | D:9      | Noticed Erica
  8334 | D:9      | 8334 ||| INVOKING Berserk.
  8347 | D:9      | HP: 12/94 [Erica/lance of force (18)]
  8348 | D:9      | 8348 ||| READING scroll of teleportation.
  8349 | D:9      | 8349 ||| DRINKING potion of heal wounds.
  8361 | D:9      | HP: 16/94 [hornet (8)]
  8363 | D:9      | HP: 6/94 [hornet (5)]
  8364 | D:9      | Slain by a hornet

Levels and vault maps discovered:
D:1:      lightli_arrival_chessboard, layout_basic, minmay_cut_off
D:2:      layout_loops_corners, shapermc_ecumenical_altar_mp_urbaneastern,
          basic_altar, serial_bayou_pond_b
D:3:      layout_rooms
D:4:      dreamdust_elfheim, layout_gridville,
          grunt_temple_overflow_forces_of_nature, kennysheep_mini,
          minmay_temple_entry_fiery
D:5:      layout_loops_ring, kennysheep_ying_yang, marbit_many_paths,
          chequers_temple_overflow_statue_of_worship, minivault_11,
          saegor_snake_ambush, uniq_pikel
D:6:      layout_basic, nicolae_specific_store, uniq_grinder
D:7:      layout_cave_pods, lemuel_crystal_altar, dancing_weapons_uskayaw,
          serial_rivers, chequers_serial_rivers_room_b,
          chequers_serial_rivers_micro_a, chequers_serial_rivers_small_3,
          chequers_serial_rivers_micro_c, chequers_serial_rivers_large_b,
          chequers_serial_rivers_micro_e
D:8:      layout_basic, serial_rivers, chequers_serial_rivers_small_b,
          chequers_serial_rivers_micro_b, chequers_serial_rivers_room_b,
          chequers_serial_rivers_micro_c, chequers_serial_rivers_micro_e,
          chequers_serial_rivers_small_3
D:9:      layout_basic, mainiacjoe_overflow_boulevard,
          mainiacjoe_overflow_two_lobes, serial_shops, shop_fountains,
          nicolae_shop_trees, kennysheep_little_box,
          nicolae_shop_bloodbath_and_beyond, shop, uniq_erica

Skill      XL: |  1  2  3  4  5  6  7  8  9 10 |
---------------+-------------------------------+-----
Axes           | 4 5 6 7 10 12 | 12.3
Shields        | 2 4 5 6 7 9 |  9.5
Armour         | 3 4 5 |  5.3
Fighting       | 4 6 7 |  7.1
Throwing       | 2 |  2.9
Dodging        | 3 |  3.4

Action                   |  1- 3 |  4- 6 |  7- 9 | 10-12 || total
-------------------------+-------+-------+-------+-------++-------
Melee: Hand axe          |    65 |   119 |       |       ||   184
       Headbutt          |     7 |    23 |    34 |    15 ||    79
       War axe           |       |    13 |   167 |    54 ||   234
Throw: Boomerang         |    22 |    38 |    53 |     1 ||   114
Invok: Berserk           |     3 |     3 |     9 |     2 ||    17
       Trog's Hand       |       |       |     1 |       ||     1
  Use: Scroll            |     4 |     8 |     9 |     2 ||    23
       Potion            |       |       |     1 |     1 ||     2
Armor: Animal skin       |     6 |       |       |       ||     6
       Plate armour      |     9 |    65 |    46 |    16 ||   136
Dodge: Dodged            |    21 |    18 |    16 |    14 ||    69
Block: Kite shield       |    11 |    66 |    93 |    42 ||   212

Table legend:
 A = Non-vault XP
 B = Vault XP
 C = Vault XP percentage of total XP
 D = Non-vault monster count
 E = Vault monster count
 F = Vault count percentage of total count
                 A         B        C        D         E       F
            +---------+---------+-------+---------+---------+-------
      Total |    5125 |    1301 |  20.2 |     158 |      17 |   9.7
            +---------+---------+-------+---------+---------+-------
        D:1 |      54 |       3 |   5.3 |      26 |       2 |   7.1
        D:2 |      44 |      26 |  37.1 |      17 |       6 |  26.1
        D:3 |     196 |       0 |   0.0 |      32 |       0 |   0.0
        D:4 |     239 |     218 |  47.7 |      11 |       2 |  15.4
        D:5 |     583 |     796 |  57.7 |      19 |       6 |  24.0
        D:6 |    1018 |     258 |  20.2 |      14 |       1 |   6.7
        D:7 |    1513 |       0 |   0.0 |      12 |       0 |   0.0
        D:8 |    1188 |       0 |   0.0 |      15 |       0 |   0.0
        D:9 |     290 |       0 |   0.0 |      12 |       0 |   0.0
            +---------+---------+-------+---------+---------+-------
